Login

Colorado Eagles vs Abbotsford Canucks

Created - 21 March 2024 at 23:08

Goals
1 2 3 T
Colorado Eagles 0 1 0 1
Abbotsford Canucks 1 2 0 3
Shots
1 2 3 T
Colorado Eagles 2 14 4 20
Abbotsford Canucks 9 11 6 26

GoalsPenalties
1st period
1. Abbotsford Canucks , Linus Karlsson 3 (Aatu Raty 3, Aidan McDonough 4) at 15:46
No Penalty
2nd period
2. Abbotsford Canucks , Vasily Podkolzin 8 (Tucker Poolman 2, Jack Studnicka 4) at 7:06
3. Abbotsford Canucks , Aidan McDonough 3 (Jett Woo 1, Nils Aman 6) at 8:07 (PP)
4. Colorado Eagles , Jean-Luc Foudy 4 (Corey Schueneman 3) at 18:17 (PP)
Keaton Middleton (COL) for High sticking (Minor) at 7:55
Jack Studnicka (ABB) for Tripping (Minor) at 9:44
Chris Wagner (COL) for High sticking (Minor) at 14:40
Tristen Nielsen (ABB) for Tripping (Minor) at 17:02
3rd period
No Goal
Keaton Middleton (COL) for Interference (Minor) at 10:57
Jett Woo (ABB) for Cross-checking (Minor) at 13:37
Goalie Stats
Ivan Prosvetov (COL), 23 saves from 26 shots - (0.885), L, 0-4-2, 60:00 minutes
Arturs Silovs (ABB), 19 saves from 20 shots - (0.950), W, 4-2-2, 60:00 minutes
3 StarsOfficial
1 - Aidan McDonough (ABB)
2 - Linus Karlsson (ABB)
3 - Tucker Poolman (ABB)
Referees : Ghislain Hebert and Tim Mayer
Linesman : Dennis Urban and Brian Murphy
Game Note
No Game Note
Finance
Level 1 -- Attendance: 1990 (99.50%) -- Ticket Income $69,650
Level 2 -- Attendance: 990 (99.00%) -- Ticket Income $14,850
Total Attendance: 2980 (99.33%)
Total Ticket Income: $84,500
Other Income: $41,405
Total Income: $125,905



Team Name Goals Shots Shots Attemp Shots Blocked PIM HIT PP PK FO%
Colorado Eagles 12039156151 / 3 (33%)141%
Abbotsford Canucks 3265666221 / 3 (33%)159%

Colorado Eagles
Player Name POS G A P +/- PIM HIT SHT SB MP PP MP PP SHT PK MP PK SHT FO% FOT GA TA
Alex BeaucageRW0000001114:500:0000:0000% 000
Ben MeyersC0000033121:053:0201:210100% 201
Brad HuntD000-2004223:083:3901:3710% 010
Chris WagnerRW0000254020:253:0200:23039% 1820
Corey SchuenemanD011-2022327:463:0302:3300% 001
Jack AhcanD0000000014:501:3400:5600% 000
Jason PolinRW000000006:180:3300:0000% 000
Jean-Luc FoudyC101-2022220:152:1112:23044% 903
Keaton MiddletonD0000400022:151:3400:4100% 001
Nate ClurmanD0000000116:260:3602:3300% 000
Ondrej PavelC0000010112:110:0000:06044% 900
Oskar OlaussonRW000-2011017:332:1110:0000% 001
Riley TufteLW000000005:440:0000:00033% 310
Sam MalinskiD000000000:000:0000:0000% 000
Sampo RantaLW000-2000120:212:1100:4900% 000
Spencer SmallmanRW0000013018:272:2902:20020% 510
Trenton BlissLW0000000218:030:0000:5800% 001
Wyatt AamodtD0000000116:100:0000:0000% 000
Abbotsford Canucks
Player Name POS G A P +/- PIM HIT SHT SB MP PP MP PP SHT PK MP PK SHT FO% FOT GA TA
Aatu RatyC0111011018:131:3902:47040% 512
Aidan McDonoughLW1120033018:122:3110:000100% 101
Arshdeep BainsLW0001000118:031:3900:560100% 100
Christian WolaninD0000002225:492:2713:0500% 010
Cole FonstadLW0001001012:100:0000:0000% 000
Cole McWardD0002010014:070:0000:0000% 000
Danila KlimovichRW000002006:540:0000:0000% 000
Guillaume BriseboisD0000012123:582:2713:0500% 000
Jack StudnickaC0111253015:350:0000:00042% 1221
Jett WooD0110222120:181:4310:0000% 000
Linus KarlssonRW1011002013:090:0000:0000% 000
Mark FriedmanD0000000020:041:4302:0800% 000
Nils AmanC0110022123:212:3112:39067% 2100
Tristen NielsenC000021009:010:0000:47050% 200
Tucker PoolmanD0112020016:150:0002:0800% 000
Ty GloverC000000000:230:0000:2300% 000
Vasily PodkolzinRW1011004018:551:3901:2710% 041
Vitali KravtsovRW0000024020:172:3101:27075% 400

Colorado Eagles

5 vs 5 Forward
Line #Left WingCenterRight WingPHYDFOFWanted %Time %Time Play
1Trenton BlissChris WagnerBen Meyers1224035%17:51
2Sampo RantaJean-Luc FoudyOskar Olausson1223033%16:38
3Alex BeaucageOndrej PavelSpencer Smallman1222023%11:30
4Sampo RantaRiley TufteAlex Beaucage122109%4:38
5 vs 5 Defense
Line #DefenseDefensePHYDFOFWanted %Time %Time Play
1Brad HuntCorey Schueneman1224037%18:47
2Wyatt AamodtKeaton Middleton1223032%16:05
3Nate ClurmanJack Ahcan1222024%12:20
4Corey SchuenemanKeaton Middleton122107%3:25
Power Play Forward
Line #Left WingCenterRight WingPHYDFOFWanted %Time %Time Play
1Spencer SmallmanChris WagnerBen Meyers1226058%3:02
2Sampo RantaJean-Luc FoudyOskar Olausson1224042%2:11
Power Play Defense
Line #DefenseDefensePHYDFOFWanted %Time %Time Play
1Brad HuntCorey Schueneman1226070%3:39
2Jack AhcanKeaton Middleton1224030%1:34
Penalty Kill 4 Players Forward
Line #CenterWingPHYDFOFWanted %Time %Time Play
1Spencer SmallmanJean-Luc Foudy1226080%3:21
2Chris WagnerSampo Ranta1224020%0:49
Penalty Kill 4 Players Defense
Line #DefenseDefensePHYDFOFWanted %Time %Time Play
1Nate ClurmanCorey Schueneman1226061%2:33
2Brad HuntKeaton Middleton1224039%1:37
Penalty Kill 3 Players
Line #WingPHYDFOFWanted %Time %Time PlayDefenseDefensePHYDFOFWanted %Time %Time Play
1Sampo Ranta122600%0:00 Brad HuntCorey Schueneman122600%0:00
2Jean-Luc Foudy122400%0:00 Nate ClurmanKeaton Middleton122400%0:00
4 vs 4 Forward
Line #CenterWingPHYDFOFWanted %Time %Time Play
1Oskar OlaussonJean-Luc Foudy122600%0:00
2Spencer SmallmanSampo Ranta122400%0:00
4 vs 4 Defense
Line #DefensePHYDFOFWanted %Time %Time Play
1Jack AhcanCorey Schueneman122600%0:00
2Nate ClurmanKeaton Middleton122400%0:00
Last Minutes Offensive
Left WingCenterRight WingDefenseDefense
Sampo RantaChris WagnerBen MeyersBrad HuntCorey Schueneman
Last Minutes Defensive
Left WingCenterRight WingDefenseDefense
Sampo RantaChris WagnerBen MeyersBrad HuntCorey Schueneman
Time
Total ForwardTotal DefenseLast Minutes OffensiveLast Minutes Defensive
60:00 60:00 0:000:00
Extra Forwards
Normal PowerPlayPenalty Kill
Jason Polin, Sampo Ranta, Spencer SmallmanJason Polin, Sampo RantaSpencer Smallman
Extra Defensemen
Normal PowerPlayPenalty Kill
Nate Clurman, Jack Ahcan, Corey SchuenemanNate Clurman, Jack AhcanCorey Schueneman
Penalty Shots
Ben Meyers, Oskar Olausson, Spencer Smallman, Sampo Ranta, Jean-Luc Foudy
Goalie
Ivan Prosvetov, Tommy Nappier
Custom OT Lines Forwards
Ben Meyers, Chris Wagner, Riley Tufte, Sampo Ranta, Jean-Luc Foudy, Oskar Olausson, Spencer Smallman, Alex Beaucage, Jason Polin, Ondrej Pavel
Custom OT Lines Defensemen
Jack Ahcan, Corey Schueneman, Wyatt Aamodt, Keaton Middleton, Nate Clurman
Scratches
Benton Maass (Healthy), Matt Stienburg (Healthy), Trent Miner (Healthy)

Abbotsford Canucks

5 vs 5 Forward
Line #Left WingCenterRight WingPHYDFOFWanted %Time %Time Play
1Aidan McDonoughNils AmanVitali Kravtsov1224031%15:53
2Arshdeep BainsJack StudnickaVasily Podkolzin1223034%17:12
3Cole FonstadAatu RatyLinus Karlsson1222022%11:12
4Nils AmanTristen NielsenDanila Klimovich1221013%6:20
5 vs 5 Defense
Line #DefenseDefensePHYDFOFWanted %Time %Time Play
1Christian WolaninGuillaume Brisebois1224036%18:26
2Mark FriedmanJett Woo1223032%16:13
3Tucker PoolmanCole McWard1222028%14:07
4Jett WooChristian Wolanin122104%1:51
Power Play Forward
Line #Left WingCenterRight WingPHYDFOFWanted %Time %Time Play
1Aidan McDonoughNils AmanVitali Kravtsov1226060%2:31
2Arshdeep BainsAatu RatyVasily Podkolzin1224040%1:39
Power Play Defense
Line #DefenseDefensePHYDFOFWanted %Time %Time Play
1Christian WolaninGuillaume Brisebois1226059%2:27
2Mark FriedmanJett Woo1224041%1:43
Penalty Kill 4 Players Forward
Line #CenterWingPHYDFOFWanted %Time %Time Play
1Nils AmanAatu Raty1226072%3:46
2Vitali KravtsovVasily Podkolzin1224028%1:27
Penalty Kill 4 Players Defense
Line #DefenseDefensePHYDFOFWanted %Time %Time Play
1Christian WolaninGuillaume Brisebois1226059%3:05
2Mark FriedmanTucker Poolman1224041%2:08
Penalty Kill 3 Players
Line #WingPHYDFOFWanted %Time %Time PlayDefenseDefensePHYDFOFWanted %Time %Time Play
1Nils Aman122600%0:00 Christian WolaninGuillaume Brisebois122600%0:00
2Vitali Kravtsov122400%0:00 Mark FriedmanJett Woo122400%0:00
4 vs 4 Forward
Line #CenterWingPHYDFOFWanted %Time %Time Play
1Nils AmanAidan McDonough122600%0:00
2Vitali KravtsovVasily Podkolzin122400%0:00
4 vs 4 Defense
Line #DefensePHYDFOFWanted %Time %Time Play
1Christian WolaninGuillaume Brisebois122600%0:00
2Mark FriedmanCole McWard122400%0:00
Last Minutes Offensive
Left WingCenterRight WingDefenseDefense
Aidan McDonoughNils AmanVitali KravtsovChristian WolaninGuillaume Brisebois
Last Minutes Defensive
Left WingCenterRight WingDefenseDefense
Aidan McDonoughNils AmanVitali KravtsovChristian WolaninGuillaume Brisebois
Time
Total ForwardTotal DefenseLast Minutes OffensiveLast Minutes Defensive
60:00 60:00 0:000:00
Extra Forwards
Normal PowerPlayPenalty Kill
Aatu Raty, Linus Karlsson, Tristen NielsenAatu Raty, Linus KarlssonTristen Nielsen
Extra Defensemen
Normal PowerPlayPenalty Kill
Tucker Poolman, Cole McWard, Jett WooTucker Poolman, Cole McWardJett Woo
Penalty Shots
Nils Aman, Aidan McDonough, Vitali Kravtsov, Vasily Podkolzin, Aatu Raty
Goalie
Arturs Silovs, Zach Sawchenko
Custom OT Lines Forwards
Nils Aman, Jack Studnicka, Vitali Kravtsov, Vasily Podkolzin, Aatu Raty, Aidan McDonough, Linus Karlsson, Tristen Nielsen, Danila Klimovich, Arshdeep Bains
Custom OT Lines Defensemen
Christian Wolanin, Guillaume Brisebois, Mark Friedman, Cole McWard, Tucker Poolman
Scratches
Brandon Cutler (Healthy), Tyler Hinam (Healthy), Akito Hirose (Sprained Right Knee Injury), Michal Mrazik (Healthy), Max Sasson (Healthy) Callum Booth (Healthy)


Play-by-Play

1st period


0:01 of 1st period - Vitali Kravtsov wins face-off versus Chris Wagner in neutral zone.
0:06 of 1st period - Wrist shot by Aidan McDonough.
0:06 of 1st period - Shot Misses the Net.
0:08 of 1st period - Slapshot by Christian Wolanin.
0:08 of 1st period - Stopped by Ivan Prosvetov with a rebound.
0:30 of 1st period - Snap shot by Vasily Podkolzin.
0:30 of 1st period - Stopped by Ivan Prosvetov with a rebound.
0:32 of 1st period - Wrist shot by Jack Studnicka.
0:32 of 1st period - Stopped by Ivan Prosvetov with a rebound.
1:30 of 1st period - Mark Friedman is hit by Chris Wagner.
1:58 of 1st period - Ondrej Pavel is hit by Nils Aman and loses puck.
2:35 of 1st period - Sampo Ranta is hit by Danila Klimovich and loses puck.
2:45 of 1st period - Icing by Jean-Luc Foudy.
2:46 of 1st period - Jack Studnicka wins face-off versus Jean-Luc Foudy in Colorado Eagles zone.
3:16 of 1st period - Nate Clurman is hit by Aidan McDonough.
3:36 of 1st period - Snap shot by Oskar Olausson.
3:36 of 1st period - Shot Misses the Net.
4:06 of 1st period - Aatu Raty is hit by Ondrej Pavel and loses puck.
4:51 of 1st period - Icing by Arshdeep Bains.
4:52 of 1st period - Arshdeep Bains wins face-off versus Riley Tufte in Abbotsford Canucks zone.
5:45 of 1st period - Wrist shot by Linus Karlsson.
5:45 of 1st period - Stopped by Ivan Prosvetov with a rebound.
5:47 of 1st period - Slapshot by Jett Woo.
5:47 of 1st period - Shot Blocked by Nate Clurman.
6:06 of 1st period - Jean-Luc Foudy is hit by Nils Aman and loses puck.
6:37 of 1st period - Wrist shot by Aatu Raty.
6:37 of 1st period - Shot Misses the Net.
9:24 of 1st period - Mark Friedman is hit by Jean-Luc Foudy.
10:23 of 1st period - Vasily Podkolzin is hit by Oskar Olausson and loses puck.
10:52 of 1st period - Wrist shot by Cole McWard.
10:52 of 1st period - Shot Blocked by Ben Meyers.
12:07 of 1st period - Chris Wagner is hit by Jett Woo and loses puck.
13:16 of 1st period - Jean-Luc Foudy is hit by Tucker Poolman and loses puck.
14:01 of 1st period - Vasily Podkolzin is hit by Spencer Smallman and loses puck.
14:36 of 1st period - Snap shot by Vitali Kravtsov.
14:36 of 1st period - Shot Blocked by Sampo Ranta.
15:17 of 1st period - Icing by Cole Fonstad.
15:18 of 1st period - Jack Studnicka wins face-off versus Riley Tufte in Abbotsford Canucks zone.
15:18 of 1st period - Jack Studnicka is hit by Chris Wagner.
15:46 of 1st period - Snap shot by Linus Karlsson.
15:46 of 1st period - Goal by Linus Karlsson - Colorado Eagles : 0 - Abbotsford Canucks : 1.
15:47 of 1st period - Nils Aman wins face-off versus Chris Wagner in neutral zone.
16:24 of 1st period - Wrist shot by Ben Meyers.
16:24 of 1st period - Stopped by Arturs Silovs with a rebound.
16:26 of 1st period - Snap shot by Ben Meyers.
16:26 of 1st period - Shot Misses the Net.
16:28 of 1st period - Wrist shot by Chris Wagner.
16:28 of 1st period - Shot Blocked by Christian Wolanin.
16:36 of 1st period - Snap shot by Ben Meyers.
16:36 of 1st period - Shot Blocked by Christian Wolanin.
16:38 of 1st period - Snap shot by Chris Wagner.
16:38 of 1st period - Shot Blocked by Guillaume Brisebois.
16:40 of 1st period - Slapshot by Corey Schueneman.
16:40 of 1st period - Shot Hit the Post.
16:42 of 1st period - Snap shot by Chris Wagner.
16:42 of 1st period - Stopped by Arturs Silovs without a rebound.
16:43 of 1st period - Nils Aman wins face-off versus Jean-Luc Foudy in Abbotsford Canucks zone.
16:48 of 1st period - Jack Ahcan is hit by Vitali Kravtsov and loses puck.
16:55 of 1st period - Wrist shot by Vitali Kravtsov.
16:55 of 1st period - Stopped by Ivan Prosvetov with a rebound.
16:57 of 1st period - Wrist shot by Aidan McDonough.
16:57 of 1st period - Stopped by Ivan Prosvetov with a rebound.
16:59 of 1st period - Slapshot by Jett Woo.
16:59 of 1st period - Stopped by Ivan Prosvetov without a rebound.
17:00 of 1st period - Ondrej Pavel wins face-off versus Jack Studnicka in Colorado Eagles zone.
17:14 of 1st period - Off-side.
17:15 of 1st period - Jean-Luc Foudy wins face-off versus Nils Aman in neutral zone.
17:15 of 1st period - Jean-Luc Foudy is hit by Vitali Kravtsov.
17:47 of 1st period - Wrist shot by Aatu Raty.
17:47 of 1st period - Stopped by Ivan Prosvetov with a rebound.
18:04 of 1st period - Off-side.
18:05 of 1st period - Chris Wagner wins face-off versus Jack Studnicka in neutral zone.
18:08 of 1st period - Wrist shot by Ben Meyers.
18:08 of 1st period - Shot Misses the Net.
18:10 of 1st period - Slapshot by Ben Meyers.
18:10 of 1st period - Deflect By Chris Wagner.
18:10 of 1st period - Shot Misses the Net.
18:10 of 1st period - Puck is out of play.
18:11 of 1st period - Nils Aman wins face-off versus Chris Wagner in Abbotsford Canucks zone.
19:00 of 1st period - Wrist shot by Vasily Podkolzin.
19:00 of 1st period - Shot Misses the Net.
Goals for this period are 0 for Colorado Eagles vs 1 for Abbotsford Canucks.
Shots for this period are 2 for Colorado Eagles vs 9 for Abbotsford Canucks.

2nd period


0:01 of 2nd period - Vitali Kravtsov wins face-off versus Chris Wagner in neutral zone.
0:06 of 2nd period - Trenton Bliss is hit by Aidan McDonough and loses puck.
1:03 of 2nd period - Off-side.
1:04 of 2nd period - Chris Wagner wins face-off versus Jack Studnicka in neutral zone.
1:17 of 2nd period - Jack Studnicka is hit by Ben Meyers and loses puck.
2:03 of 2nd period - Icing by Ondrej Pavel.
2:04 of 2nd period - Ondrej Pavel wins face-off versus Tristen Nielsen in Colorado Eagles zone.
2:04 of 2nd period - Ondrej Pavel is hit by Aatu Raty.
2:41 of 2nd period - Tucker Poolman is hit by Jean-Luc Foudy and loses puck.
3:40 of 2nd period - Corey Schueneman is hit by Danila Klimovich and loses puck.
4:05 of 2nd period - Snap shot by Jack Studnicka.
4:05 of 2nd period - Stopped by Ivan Prosvetov without a rebound.
4:06 of 2nd period - Nils Aman wins face-off versus Ondrej Pavel in Colorado Eagles zone.
4:17 of 2nd period - Snap shot by Alex Beaucage.
4:17 of 2nd period - Stopped by Arturs Silovs without a rebound.
4:18 of 2nd period - Ben Meyers wins face-off versus Jack Studnicka in Abbotsford Canucks zone.
4:21 of 2nd period - Slapshot by Brad Hunt.
4:21 of 2nd period - Shot Blocked by Arshdeep Bains.
4:23 of 2nd period - Wrist shot by Trenton Bliss.
4:23 of 2nd period - Shot Misses the Net.
4:25 of 2nd period - Snap shot by Brad Hunt.
4:25 of 2nd period - Stopped by Arturs Silovs without a rebound.
4:26 of 2nd period - Jack Studnicka wins face-off versus Chris Wagner in Abbotsford Canucks zone.
4:30 of 2nd period - Off-side.
4:31 of 2nd period - Chris Wagner wins face-off versus Nils Aman in neutral zone.
5:22 of 2nd period - Wrist shot by Alex Beaucage.
5:22 of 2nd period - Shot Misses the Net.
5:24 of 2nd period - Snap shot by Spencer Smallman.
5:24 of 2nd period - Stopped by Arturs Silovs without a rebound.
5:25 of 2nd period - Nils Aman wins face-off versus Chris Wagner in Abbotsford Canucks zone.
5:52 of 2nd period - Backhand shot by Vasily Podkolzin.
5:52 of 2nd period - Deflect By Jean-Luc Foudy.
5:52 of 2nd period - Shot Blocked by Jean-Luc Foudy.
5:52 of 2nd period - Puck is out of play.
5:53 of 2nd period - Jean-Luc Foudy wins face-off versus Jack Studnicka in Colorado Eagles zone.
6:10 of 2nd period - Brad Hunt is hit by Jack Studnicka and loses puck.
6:17 of 2nd period - Snap shot by Vasily Podkolzin.
6:17 of 2nd period - Stopped by Ivan Prosvetov with a rebound.
6:19 of 2nd period - Snap shot by Tucker Poolman.
6:19 of 2nd period - Shot Blocked by Corey Schueneman.
6:31 of 2nd period - Vasily Podkolzin is hit by Corey Schueneman and loses puck.
7:02 of 2nd period - Wrist shot by Vasily Podkolzin.
7:02 of 2nd period - Shot Blocked by Brad Hunt.
7:04 of 2nd period - Slapshot by Tucker Poolman.
7:04 of 2nd period - Shot Blocked by Brad Hunt.
7:06 of 2nd period - Wrist shot by Vasily Podkolzin.
7:06 of 2nd period - Goal by Vasily Podkolzin - Colorado Eagles : 0 - Abbotsford Canucks : 2.
7:07 of 2nd period - Vitali Kravtsov wins face-off versus Chris Wagner in neutral zone.
7:13 of 2nd period - Nils Aman is hit by Chris Wagner and loses puck.
7:26 of 2nd period - Christian Wolanin is hit by Chris Wagner and loses puck.
7:55 of 2nd period - Minor Penalty to Keaton Middleton for High sticking.
7:56 of 2nd period - Nils Aman wins face-off versus Spencer Smallman in Colorado Eagles zone.
7:59 of 2nd period - Wrist shot by Aidan McDonough.
7:59 of 2nd period - Shot Misses the Net.
8:01 of 2nd period - Slapshot by Jett Woo.
8:01 of 2nd period - Stopped by Ivan Prosvetov with a rebound.
8:03 of 2nd period - Backhand shot by Jett Woo.
8:03 of 2nd period - Shot Misses the Net.
8:05 of 2nd period - Slapshot by Jett Woo.
8:05 of 2nd period - Shot Blocked by Jean-Luc Foudy.
8:07 of 2nd period - Snap shot by Aidan McDonough.
8:07 of 2nd period - Goal by Aidan McDonough - Colorado Eagles : 0 - Abbotsford Canucks : 3.
8:08 of 2nd period - Nils Aman wins face-off versus Chris Wagner in neutral zone.
8:38 of 2nd period - Corey Schueneman is hit by Jack Studnicka and loses puck.
8:57 of 2nd period - Corey Schueneman is hit by Jett Woo and loses puck.
9:44 of 2nd period - Minor Penalty to Jack Studnicka for Tripping.
9:45 of 2nd period - Nils Aman wins face-off versus Chris Wagner in Abbotsford Canucks zone.
11:44 of 2nd period - Penalty to Jack Studnicka is over, Jack Studnicka is back on ice.
11:44 of 2nd period - Brad Hunt is hit by Jack Studnicka and loses puck.
12:06 of 2nd period - Off-side.
12:07 of 2nd period - Tristen Nielsen wins face-off versus Ondrej Pavel in neutral zone.
12:13 of 2nd period - Icing by Ondrej Pavel.
12:14 of 2nd period - Jack Studnicka wins face-off versus Ondrej Pavel in Colorado Eagles zone.
12:30 of 2nd period - Off-side.
12:31 of 2nd period - Chris Wagner wins face-off versus Nils Aman in neutral zone.
12:34 of 2nd period - Wrist shot by Ben Meyers.
12:34 of 2nd period - Stopped by Arturs Silovs with a rebound.
12:46 of 2nd period - Snap shot by Vitali Kravtsov.
12:46 of 2nd period - Stopped by Ivan Prosvetov without a rebound.
12:47 of 2nd period - Jack Studnicka wins face-off versus Jean-Luc Foudy in Colorado Eagles zone.
12:57 of 2nd period - Off-side.
12:58 of 2nd period - Chris Wagner wins face-off versus Nils Aman in neutral zone.
13:25 of 2nd period - Oskar Olausson is hit by Jack Studnicka and loses puck.
13:42 of 2nd period - Slapshot by Brad Hunt.
13:42 of 2nd period - Stopped by Arturs Silovs with a rebound.
13:44 of 2nd period - Slapshot by Corey Schueneman.
13:44 of 2nd period - Deflect By Mark Friedman.
13:44 of 2nd period - Stopped by Arturs Silovs without a rebound.
13:45 of 2nd period - Ondrej Pavel wins face-off versus Aatu Raty in Abbotsford Canucks zone.
13:46 of 2nd period - Snap shot by Spencer Smallman.
13:46 of 2nd period - Stopped by Arturs Silovs without a rebound.
13:47 of 2nd period - Aatu Raty wins face-off versus Ondrej Pavel in Abbotsford Canucks zone.
14:13 of 2nd period - Snap shot by Chris Wagner.
14:13 of 2nd period - Stopped by Arturs Silovs without a rebound.
14:14 of 2nd period - Chris Wagner wins face-off versus Nils Aman in Abbotsford Canucks zone.
14:17 of 2nd period - Snap shot by Ben Meyers.
14:17 of 2nd period - Stopped by Arturs Silovs with a rebound.
14:19 of 2nd period - Snap shot by Chris Wagner.
14:19 of 2nd period - Stopped by Arturs Silovs with a rebound.
14:21 of 2nd period - Snap shot by Chris Wagner.
14:21 of 2nd period - Stopped by Arturs Silovs with a rebound.
14:23 of 2nd period - Slapshot by Corey Schueneman.
14:23 of 2nd period - Shot Blocked by Nils Aman.
14:25 of 2nd period - Slapshot by Brad Hunt.
14:25 of 2nd period - Shot Misses the Net.
14:40 of 2nd period - Minor Penalty to Chris Wagner for High sticking.
14:41 of 2nd period - Nils Aman wins face-off versus Spencer Smallman in Colorado Eagles zone.
14:42 of 2nd period - Slapshot by Vitali Kravtsov.
14:42 of 2nd period - Shot Misses the Net.
14:44 of 2nd period - Slapshot by Christian Wolanin.
14:44 of 2nd period - Stopped by Ivan Prosvetov with a rebound.
14:46 of 2nd period - Wrist shot by Guillaume Brisebois.
14:46 of 2nd period - Shot Misses the Net.
14:48 of 2nd period - Snap shot by Aidan McDonough.
14:48 of 2nd period - Shot Misses the Net.
14:50 of 2nd period - Slapshot by Christian Wolanin.
14:50 of 2nd period - Shot Misses the Net.
14:52 of 2nd period - Wrist shot by Vitali Kravtsov.
14:52 of 2nd period - Deflect By Aidan McDonough.
14:52 of 2nd period - Shot Misses the Net.
14:52 of 2nd period - Puck is out of play.
14:53 of 2nd period - Nils Aman wins face-off versus Spencer Smallman in Colorado Eagles zone.
14:58 of 2nd period - Wrist shot by Nils Aman.
14:58 of 2nd period - Shot Misses the Net.
15:00 of 2nd period - Slapshot by Guillaume Brisebois.
15:00 of 2nd period - Stopped by Ivan Prosvetov with a rebound.
15:08 of 2nd period - Wrist shot by Nils Aman.
15:08 of 2nd period - Shot Misses the Net.
15:52 of 2nd period - Vitali Kravtsov is hit by Ben Meyers and loses puck.
16:40 of 2nd period - Penalty to Chris Wagner is over, Chris Wagner is back on ice.
17:02 of 2nd period - Minor Penalty to Tristen Nielsen for Tripping.
17:03 of 2nd period - Nils Aman wins face-off versus Jean-Luc Foudy in Abbotsford Canucks zone.
17:15 of 2nd period - Snap shot by Jean-Luc Foudy.
17:15 of 2nd period - Shot Misses the Net.
17:17 of 2nd period - Snap shot by Oskar Olausson.
17:17 of 2nd period - Stopped by Arturs Silovs with a rebound.
18:17 of 2nd period - Slapshot by Jean-Luc Foudy.
18:17 of 2nd period - Goal by Jean-Luc Foudy - Colorado Eagles : 1 - Abbotsford Canucks : 3.
18:18 of 2nd period - Nils Aman wins face-off versus Jean-Luc Foudy in neutral zone.
18:25 of 2nd period - Slapshot by Nils Aman.
18:25 of 2nd period - Stopped by Ivan Prosvetov with a rebound.
18:27 of 2nd period - Wrist shot by Aidan McDonough.
18:27 of 2nd period - Stopped by Ivan Prosvetov with a rebound.
19:08 of 2nd period - Snap shot by Spencer Smallman.
19:08 of 2nd period - Stopped by Arturs Silovs with a rebound.
19:38 of 2nd period - Wrist shot by Jack Studnicka.
19:38 of 2nd period - Shot Misses the Net.
19:40 of 2nd period - Snap shot by Jack Studnicka.
19:40 of 2nd period - Stopped by Ivan Prosvetov without a rebound.
19:41 of 2nd period - Riley Tufte wins face-off versus Jack Studnicka in Colorado Eagles zone.
Goals for this period are 1 for Colorado Eagles vs 2 for Abbotsford Canucks.
Shots for this period are 14 for Colorado Eagles vs 11 for Abbotsford Canucks.

3rd period


0:01 of 3rd period - Aidan McDonough wins face-off versus Chris Wagner in neutral zone.
0:16 of 3rd period - Slapshot by Brad Hunt.
0:16 of 3rd period - Stopped by Arturs Silovs with a rebound.
0:33 of 3rd period - Slapshot by Aidan McDonough.
0:33 of 3rd period - Deflect By Spencer Smallman.
0:33 of 3rd period - Shot Blocked by Corey Schueneman.
0:33 of 3rd period - Puck is out of play.
0:34 of 3rd period - Jean-Luc Foudy wins face-off versus Jack Studnicka in Colorado Eagles zone.
1:24 of 3rd period - Snap shot by Nils Aman.
1:24 of 3rd period - Shot Blocked by Alex Beaucage.
1:56 of 3rd period - Wrist shot by Nils Aman.
1:56 of 3rd period - Shot Misses the Net.
2:52 of 3rd period - Snap shot by Vitali Kravtsov.
2:52 of 3rd period - Stopped by Ivan Prosvetov with a rebound.
4:57 of 3rd period - Jack Ahcan is hit by Cole McWard and loses puck.
6:07 of 3rd period - Oskar Olausson is hit by Tucker Poolman and loses puck.
6:20 of 3rd period - Slapshot by Vitali Kravtsov.
6:20 of 3rd period - Shot Blocked by Trenton Bliss.
6:22 of 3rd period - Slapshot by Guillaume Brisebois.
6:22 of 3rd period - Stopped by Ivan Prosvetov with a rebound.
6:52 of 3rd period - Slapshot by Alex Beaucage.
6:52 of 3rd period - Shot Misses the Net.
9:24 of 3rd period - Oskar Olausson is hit by Jack Studnicka and loses puck.
9:38 of 3rd period - Icing by Jean-Luc Foudy.
9:39 of 3rd period - Ondrej Pavel wins face-off versus Aatu Raty in Colorado Eagles zone.
10:00 of 3rd period - Tucker Poolman is hit by Chris Wagner and loses puck.
10:45 of 3rd period - Slapshot by Aatu Raty.
10:45 of 3rd period - Shot Misses the Net.
10:47 of 3rd period - Wrist shot by Aatu Raty.
10:47 of 3rd period - Shot Blocked by Wyatt Aamodt.
10:57 of 3rd period - Minor Penalty to Keaton Middleton for Interference.
10:58 of 3rd period - Spencer Smallman wins face-off versus Nils Aman in Colorado Eagles zone.
11:16 of 3rd period - Corey Schueneman is hit by Aidan McDonough.
11:34 of 3rd period - Wrist shot by Nils Aman.
11:34 of 3rd period - Stopped by Ivan Prosvetov without a rebound.
11:35 of 3rd period - Aatu Raty wins face-off versus Spencer Smallman in Colorado Eagles zone.
12:30 of 3rd period - Wrist shot by Brad Hunt.
12:30 of 3rd period - Stopped by Arturs Silovs without a rebound.
12:31 of 3rd period - Ben Meyers wins face-off versus Nils Aman in Abbotsford Canucks zone.
12:57 of 3rd period - Penalty to Keaton Middleton is over, Keaton Middleton is back on ice.
13:04 of 3rd period - Slapshot by Jean-Luc Foudy.
13:04 of 3rd period - Shot Misses the Net.
13:20 of 3rd period - Wrist shot by Jean-Luc Foudy.
13:20 of 3rd period - Stopped by Arturs Silovs with a rebound.
13:22 of 3rd period - Snap shot by Keaton Middleton.
13:22 of 3rd period - Shot Misses the Net.
13:24 of 3rd period - Slapshot by Nate Clurman.
13:24 of 3rd period - Shot Misses the Net.
13:28 of 3rd period - Backhand shot by Corey Schueneman.
13:28 of 3rd period - Stopped by Arturs Silovs without a rebound.
13:29 of 3rd period - Chris Wagner wins face-off versus Aatu Raty in Abbotsford Canucks zone.
13:30 of 3rd period - Snap shot by Ben Meyers.
13:30 of 3rd period - Shot Blocked by Jett Woo.
13:37 of 3rd period - Minor Penalty to Jett Woo for Cross-checking.
13:38 of 3rd period - Nils Aman wins face-off versus Chris Wagner in Abbotsford Canucks zone.
13:46 of 3rd period - Guillaume Brisebois is hit by Ben Meyers and loses puck.
15:29 of 3rd period - Ben Meyers is hit by Guillaume Brisebois and loses puck.
15:34 of 3rd period - Snap shot by Vasily Podkolzin.
15:34 of 3rd period - Stopped by Ivan Prosvetov with a rebound.
15:36 of 3rd period - Snap shot by Mark Friedman.
15:36 of 3rd period - Shot Blocked by Corey Schueneman.
15:37 of 3rd period - Penalty to Jett Woo is over, Jett Woo is back on ice.
15:50 of 3rd period - Icing by Vitali Kravtsov.
15:51 of 3rd period - Jean-Luc Foudy wins face-off versus Vitali Kravtsov in Abbotsford Canucks zone.
16:02 of 3rd period - Wrist shot by Vitali Kravtsov.
16:02 of 3rd period - Stopped by Ivan Prosvetov with a rebound.
17:26 of 3rd period - Nils Aman is hit by Corey Schueneman and loses puck.
18:16 of 3rd period - Nate Clurman is hit by Tristen Nielsen and loses puck.
18:51 of 3rd period - Snap shot by Nils Aman.
18:51 of 3rd period - Shot Blocked by Ondrej Pavel.
18:53 of 3rd period - Snap shot by Danila Klimovich.
18:53 of 3rd period - Deflect By Corey Schueneman.
18:53 of 3rd period - Shot Blocked by Trenton Bliss.
18:53 of 3rd period - Puck is out of play.
18:54 of 3rd period - Nils Aman wins face-off versus Ondrej Pavel in Colorado Eagles zone.
18:55 of 3rd period - Slapshot by Guillaume Brisebois.
18:55 of 3rd period - Deflect By Cole Fonstad.
18:55 of 3rd period - Stopped by Ivan Prosvetov with a rebound.
Goals for this period are 0 for Colorado Eagles vs 0 for Abbotsford Canucks.
Shots for this period are 4 for Colorado Eagles vs 6 for Abbotsford Canucks.